cohdb
Replays
Latest Replays
All Replays
Popular Replays
Top Player Replays
Match Explorer
How It Works
Community
CoH3 Stats
Reddit
Sign in to upload your games and track your stats! →
Sign in with Steam
Match 42114401
Unlisted
Match 42114401
Overview
Messages
Build Orders
End
Scout Squad
Construct Barracks
Selects Heavy Weapons
1⁄4-ton 4x4 Truck
Riflemen Squad
Riflemen Squad
Selects Assault Carriers
Riflemen Squad
Grenade Package
Infantry Support Center
Construct Motor Pool
M8 Greyhound Armored Car
Selects Exchangeable Parts
Construct Medical Station
Engineer Squad
Advanced Logistics
M1918 Browning Automatic Rifles
Munitions Surplus
Kitsuné
Mr Gizard The Lizard Wizard
0
0
Comments
sign in to comment!
No comments posted yet!